 Dungeon Crawl Stone Soup version 0.20.1-1-g8b1a95d (webtiles) character file.

278 dohliylev the Covert (level 6, -7/42 HPs)
             Began as a Vampire Enchanter on July 13, 2017.
             Mangled by a gnoll
             ... wielding a +0 halberd
              (13 damage)
             ... on level 3 of the Dungeon.
             The game lasted 00:08:51 (1869 turns).

dohliylev the Covert (Vampire Enchanter)            Turns: 1869, Time: 00:08:52

Health: -7/42      AC:  5    Str:  7    XL:     6   Next: 5%
Magic:  4/9        EV: 12    Int: 20    God:
Gold:   85         SH:  0    Dex: 14    Spells: 6/9 levels left

rFire    . . .     SeeInvis +   a - +1 dagger
rCold    . . .     Gourm    .   (no shield)
rNeg     . . .     Faith    .   b - +0 robe
rPois    .         Spirit   .   (no helmet)
rElec    .         Reflect  .   (no cloak)
rCorr    .         Harm     .   p - +2 pair of gloves
MR       .....                  (no boots)
Stlth    ++++......             (no amulet)
Regen    0.4/turn               (no ring)
MPRegen  0.2/turn               (no ring)

@: regenerating quickly
A: fangs 3, see invisible, unbreathing
a: no special abilities


You were on level 3 of the Dungeon.
You were very full.

You visited 1 branch of the dungeon, and saw 3 of its levels.

You collected 85 gold pieces.

Inventory:

Hand Weapons
 a - a +1 dagger (weapon)
 q - a +0 dagger
Armour
 b - a +0 robe (worn)
 p - a +2 pair of gloves (worn)
Scrolls
 f - a scroll of random uselessness {unknown}
 g - 2 scrolls of remove curse {unknown}
 h - 3 scrolls of recharging {unknown}
 i - a scroll of teleportation {unknown}
 k - a scroll of identify {unknown}
 l - a scroll of amnesia {unknown}
 n - a scroll of enchant armour {unknown}
 o - a scroll of blinking {unknown}
Potions
 d - 6 potions of blood
 e - 2 potions of curing {unknown}
 j - a potion of degeneration {unknown}
 m - a potion of magic {unknown}
Books
 c - a book of Maledictions

   Spells                             Type                      Level
   a - Corona                         Hexes                        1
   b - Ensorcelled Hibernation        Hexes/Ice                    2
   c - Confuse                        Hexes                        3
   d - Tukima's Dance                 Hexes                        3
   e - Dazzling Spray                 Conjuration/Hexes            3
 r - a book of Minor Magic

   Spells                             Type                      Level
   a - Magic Dart                     Conjuration                  1
   b - Blink                          Translocation                2
   c - Call Imp                       Summoning                    2
   d - Slow                           Hexes                        2
   e - Conjure Flame                  Conjuration/Fire             3
   f - Mephitic Cloud                 Conjuration/Poison/Air       3


   Skills:
 - Level 0.3 Fighting
 + Level 3.6 Short Blades
 - Level 2.1 Dodging
 - Level 9.0 Stealth
 - Level 2.0 Spellcasting
 - Level 4.4 Hexes
 - Level 0.4 Ice Magic


You had 6 spell levels left.
You knew the following spells:

 Your Spells              Type           Power        Failure   Level  Hunger
a - Corona                Hex            ###....      2%          1    #......
b - Ensorcelled Hibernat  Hex/Ice        ##....       9%          2    ##.....


Dungeon Overview and Level Annotations

Branches:
Dungeon (3/15)

Altars:
Ashenzari


Innate Abilities, Weirdness & Mutations

Your natural rate of healing is unusually fast.
You have razor-sharp teeth.
You have supernaturally acute eyesight. (SInv)
You can survive without breathing.


Message History

Okay, then.
You barely miss the gnoll. You barely miss the gnoll.
The gnoll barely misses you.
You hit the gnoll.
The gnoll is moderately wounded.
The gnoll hits you with a halberd!
The orc shouts!
You hit the gnoll.
The gnoll is moderately wounded.
You hit the gnoll but do no damage.
The gnoll is moderately wounded.
The gnoll closely misses you.
You hit the gnoll.
The gnoll is heavily wounded.
The gnoll hits you with a halberd!
* * * LOW HITPOINT WARNING * * *
The gnoll closely misses you.
The orc roars loudly.
The gnoll hits you with a halberd!
You die...

..#. ... ... .#.## ##
. .### #.# ... #. ##
#.# #.# # #.#####.# #
#.##..!.#
###.##########.#.....#
..........o..........#
#.#....#g####÷#..)..#
##...@..†)..##....#
#.###.#########.#.# #.
#.# #(#.# # #÷# #.#.#
#<# #.#.# #.# #.#.#
#.. #.# ####


You could see a gnoll and an orc.

Vanquished Creatures
  Sigmund (D:2)
  3 gnolls
  2 adders
  2 oozes
  4 worms (D:2)
  A dart slug (D:2)
  An orc (D:3)
  9 bats
  3 giant cockroaches
  8 goblins
  7 hobgoblins
  5 jackals
  A quokka (D:2)
  3 frilled lizards
  4 kobolds
  7 rats
61 creatures vanquished.

Notes
Turn   | Place    | Note
-------+----------+-------------------------------------------
     0 | D:1      | dohliylev the Vampire Enchanter began the quest for the Orb.
     0 | D:1      | Reached XP level 1. HP: 13/13 MP: 3/3
   101 | D:1      | Reached skill level 5 in Stealth
   160 | D:1      | Reached XP level 2. HP: 9/20 MP: 1/5
   301 | D:1      | Learned a level 2 spell: Ensorcelled Hibernation
   368 | D:1      | Found a shattered altar of Ashenzari.
   596 | D:1      | Reached XP level 3. HP: 17/25 MP: 0/6
   754 | D:1      | Reached skill level 6 in Stealth
  1479 | D:2      | Reached XP level 4. HP: 31/31 MP: 4/7
  1597 | D:2      | Noticed Sigmund
  1600 | D:2      | Killed Sigmund
  1600 | D:2      | Reached skill level 8 in Stealth
  1600 | D:2      | Reached XP level 5. HP: 36/36 MP: 8/8
  1700 | D:2      | Reached skill level 9 in Stealth
  1803 | D:3      | Reached XP level 6. HP: 38/42 MP: 2/9
  1854 | D:3      | HP: 1/42 [gnoll/halberd (13)]
  1869 | D:3      | Mangled by a gnoll

Skill      XL: |  1  2  3  4  5 |
---------------+----------------+-----
Stealth        | 5 6 8 9 |  9.0
Short Blades   | 2 3 |  3.6
Fighting       | |  0.3
Dodging        | |  2.1
Spellcasting   | |  2.0
Hexes          | |  4.4
Ice Magic      | |  0.4

Action                   |  1- 3 |  4- 6 || total
-------------------------+-------+-------++-------
Melee: Dagger            |   108 |    76 ||   184
       Bite              |     8 |     7 ||    15
 Cast: Corona            |     6 |     1 ||     7
       Ensorcelled Hiber |    22 |    10 ||    32
 Stab: Sleeping          |    23 |    12 ||    35
  Eat: Corpse            |    11 |     5 ||    16
Armor: Robe              |    18 |    16 ||    34
Dodge: Dodged            |    66 |    45 ||   111
